 Dungeon Crawl Stone Soup version 0.24.0-13-gcf9b319 (webtiles) character file.

Game seed: 12676738602023160343, levelgen mode: deterministic

60 Fortress the Conjurer (level 3, -2/26 HPs)
             Began as a Draconian Conjurer on Jan 8, 2020.
             Slain by a gnoll
             ... wielding a +0 spear
              (5 damage)
             ... on level 2 of the Dungeon.
             The game lasted 00:05:26 (2059 turns).

Fortress the Conjurer (Draconian Conjurer)          Turns: 2059, Time: 00:05:27

Health: -2/26      AC:  6    Str: 10    XL:     3   Next: 80%
Magic:  1/6        EV: 12    Int: 16    God:
Gold:   108        SH:  0    Dex: 11    Spells: 6/7 levels left

rFire    . . .     SeeInvis .   (no weapon)
rCold    . . .     Gourm    .   (no shield)
rNeg     . . .     Faith    .   (armour unavailable)
rPois    .         Spirit   .   (helmet restricted)
rElec    .         Reflect  .   (no cloak)
rCorr    .         Harm     .   h - +0 pair of gloves
MR       .....                  (no boots)
Stlth    ++........             (no amulet)
HPRegen  0.08/turn              (no ring)
MPRegen  0.10/turn              (no ring)

@: no status effects
A: unfitting armour, cold-blooded, AC +5
a: no special abilities


You were on level 2 of the Dungeon.
You were very hungry.

You visited 1 branch of the dungeon, and saw 2 of its levels.

You collected 108 gold pieces.

Inventory:

Missiles
 d - 7 datura-tipped darts (quivered)
Armour
 h - a +0 pair of gloves (worn)
Scrolls
 a - a scroll of random uselessness {unknown}
 c - a scroll of teleportation {unknown}
 e - a scroll of blinking {unknown}
 f - a scroll of identify {unknown}
 g - a scroll of enchant armour {unknown}
Comestibles
 b - 2 rations


   Skills:
 - Level 2.0 Dodging
 - Level 2.0 Stealth
 - Level 0.1 Unarmed Combat
 + Level 2.5 Spellcasting
 + Level 5.0 Conjurations


You had 6 spell levels left.
You knew the following spells:

 Your Spells              Type           Power        Failure   Level  Hunger
a - Magic Dart            Conj           ###.         2%          1    #......

Your spell library contained the following spells:

 Spells                   Type           Power        Failure   Level  Hunger
 Searing Ray              Conj           ###...       3%          2    ##.....
 Dazzling Spray           Conj/Hex       ##....       22%         3    ###....
 Iskenderun's Mystic Bla  Conj           ###.....     26%         4    #####..
 Force Lance              Conj/Tloc      ##......     56%         4    #####..
 Fulminant Prism          Conj/Hex       ##........   56%         4    #####..


Dungeon Overview and Level Annotations

Branches:
Dungeon (2/15)

Altars:
Ashenzari


Innate Abilities, Weirdness & Mutations

Your plain brown scales are hard. (AC +5)
You cannot fit into any form of body armour.
You are cold-blooded and may be slowed by cold attacks.


Message History

The magic dart hits the gnoll.
The gnoll is moderately wounded.
The gnoll barely misses you. The gnoll hits you with a +0 spear.
There is an open door here.
You are too injured to fight recklessly!
You are too injured to fight recklessly!
You are too injured to fight recklessly!
You hit the gnoll.
The gnoll is heavily wounded.
The gnoll hits you with a +0 spear.
* * * LOW HITPOINT WARNING * * *
You hit the gnoll.
Your tail-slap misses the gnoll.
The gnoll is heavily wounded.
The gnoll hits you with a +0 spear.
* * * LOW HITPOINT WARNING * * *
You barely miss the gnoll.
Your tail-slap misses the gnoll.
The gnoll is heavily wounded.
The gnoll hits you with a +0 spear.
You die...

#..PP§...♣....♣..PP♣..♣....
#.§.♣.♣♣.♣.♣..♣P♣..♣.♣P♣♣.♣
#.#§§§.♣.♣.♣.♣♣♣P.♣♣.P.8P♣.
#.#...♣..♣.♣♣..PPP.♣......P
# ##.♣♣.♣P...P♣.P♣...8.⌠.8.
.. .♣...♣♣..♣..P.)......
♣.P ♣###.♣.♣.♣..♣♣P.P8...
... ##.##.....♣.P♣♣♣.P♣♣♣
+.?g@#..♣....♣..♣..P.
##.##♣.P♣♣♣§.♣P♣.♣♣.♣ #
#.♣.♣♣♣♣§♣♣♣♣....♣
♣♣.♣♣.PP§.§♣.PP♣♣♣.
####♣♣♣♣....###§♣♣P###♣♣.♣
.........)....§...........
####........##############
#.......##.#.............
.#...#.#.##.#.#######.####


You could see a gnoll.

Vanquished Creatures
  A gnoll (D:2)
  2 adders (D:2)
  6 bats (D:1)
  2 giant cockroaches (D:1)
  4 goblins
  4 hobgoblins
  3 quokkas (D:2)
  A ball python (D:1)
  2 frilled lizards
  4 kobolds
  2 rats
31 creatures vanquished.

Notes
Turn   | Place    | Note
-------+----------+-------------------------------------------
     0 | D:1      | Fortress the Draconian Conjurer began the quest for the
                  | Orb.
     0 | D:1      | Reached XP level 1. HP: 14/14 MP: 3/3
   445 | D:1      | Reached XP level 2. HP: 19/20 MP: 1/5
  1540 | D:2      | Found a shattered altar of Ashenzari.
  1728 | D:2      | Reached XP level 3. HP: 26/26 MP: 1/6
  2054 | D:2      | Reached skill level 5 in Conjurations
  2059 | D:2      | Slain by a gnoll

Levels and vault maps discovered:
D:1:      dpeg_arrival_refuge, layout_basic, serial_co_window_serial,
          co_window_corner_a, co_window_of_opportunity_a, co_window_paths_a,
          co_window_corner_a, co_window_of_opportunity_a,
          co_window_of_opportunity_a, co_window_paths_c, co_window_broadway_b,
          co_window_cross_2, co_window_cross_4, co_window_cross_3,
          co_window_2corner, co_window_paths_e, glass_columns_a,
          glass_columns_a, glass_columns_a, glass_columns_a, glass_columns_a
D:2:      wad_woods_tower, layout_basic, evilmike_ruin_ashenzari,
          cheibrodos_gnoll_hut

Skill      XL: |  1  2  3 |
---------------+----------+-----
Stealth        | 2 |  2.0
Dodging        | 2 |  2.0
Conjurations   | 5 |  5.0
Unarmed Combat | |  0.1
Spellcasting   | |  2.5

Action                   || total
-------------------------++-------
Melee: Unarmed           ||    63
       Tailslap          ||     3
 Cast: Magic Dart        ||    79
  Eat: Ration            ||     1
Armor: Skin              ||    29
Dodge: Dodged            ||    60
